 Dungeon Crawl Stone Soup version 0.17-a0-1651-gae1a69f (webtiles) character file.

77 nuthulu the Magician (level 4, -1/24 HPs)
             Began as a Deep Elf Fire Elementalist on Aug 14, 2015.
             Slain by a centaur skeleton (5 damage)
             ... on level 4 of the Dungeon.
             The game lasted 00:07:48 (2133 turns).

nuthulu the Magician (Deep Elf Fire Elementalist)   Turns: 2133, Time: 00:07:48

Health: -1/24      AC:  5    Str:  5    XL:     4   Next: 13%
Magic:  10/12      EV: 13    Int: 21    God:
Gold:   141        SH:  0    Dex: 15    Spells: 3 memorised, 5 levels left

rFire  . . .     SeeInvis .     (no weapon)
rCold  . . .     Clarity  .     a - +0 robe
rNeg   . . .     SustAt   .     (no shield)
rPois  .         Gourm    .     p - +0 helmet
rElec  .         Spirit   .     (no cloak)
rCorr  .         Warding  .     (no gloves)
rMut   .         Stasis   .     d - +1 pair of boots
MR     .....                    (no amulet)
Stlth  ++........               (no ring)
                                (no ring)

@: not resistant to hostile enchantments, unstealthy
A: no striking features
a: no special abilities


You were on level 4 of the Dungeon.
You were not hungry.

You visited 1 branch of the dungeon, and saw 4 of its levels.

You collected 141 gold pieces.

Inventory:

Missiles
 h - 11 poisoned needles
Armour
 a - a +0 robe (worn)
 d - a +1 pair of boots (worn)
 p - a +0 helmet (worn)
Scrolls
 g - 2 scrolls of identify
 m - a scroll of recharging {unknown}
 n - a scroll of enchant weapon {unknown}
Potions
 e - a potion of flight {unknown}
 l - a potion of invisibility {unknown}
 q - a potion of poison {unknown}
 r - a potion of cure mutation {unknown}
Books
 b - a book of Flames

   Spells                             Type                      Level
   a - Flame Tongue                   Conjuration/Fire             1
   b - Throw Flame                    Conjuration/Fire             2
   c - Conjure Flame                  Conjuration/Fire             3
   d - Inner Flame                    Hexes/Fire                   3
   e - Sticky Flame                   Conjuration/Fire             4
   f - Fireball                       Conjuration/Fire             5
 o - a book of Ice

   Spells                             Type                      Level
   a - Ice Form                       Ice/Transmutation            4
   b - Metabolic Englaciation         Hexes/Ice                    5
   c - Ozocubu's Refrigeration        Ice                          6
   d - Bolt of Cold                   Conjuration/Ice              6
   e - Freezing Cloud                 Conjuration/Ice/Air          6
   f - Simulacrum                     Ice/Necromancy               6
Comestibles
 c - a bread ration
 i - 3 meat rations


   Skills:
 - Level 2.4 Dodging
 - Level 2.4 Stealth
 + Level 4.4 Spellcasting
 + Level 2.5 Conjurations
 + Level 4.0 Fire Magic


You had 5 spell levels left.
You knew the following spells:

 Your Spells              Type           Power        Failure   Level  Hunger
a - Flame Tongue          Conj/Fire      ###..        3%          1    None
b - Throw Flame           Conj/Fire      ###...       6%          2    #......
c - Conjure Flame         Conj/Fire      ###.....     12%         3    ##.....


Dungeon Overview and Level Annotations

Branches:
Dungeon (4/15)
 Temple: D:4-7

Altars:


Message History

Press: ? - help, Shift-Dir - straight line, f/p - centaur skeleton
Aim: a centaur skeleton The flame tongue hits the centaur skeleton.
The centaur skeleton hits you! The centaur skeleton misses you.
The centaur skeleton hits you.
Read which item? (? for menu, Esc to quit)
Okay, then.
The centaur skeleton hits you.
* * * LOW HITPOINT WARNING * * *
Unknown command.
The centaur skeleton barely misses you. The centaur skeleton barely misses you.
The centaur skeleton hits you but does no damage.
The centaur skeleton barely misses you.
Found an escape hatch in the floor.
The centaur skeleton hits you but does no damage.
The centaur skeleton hits you.
* * * LOW HITPOINT WARNING * * *
The centaur skeleton hits you.
You die...

#.......#
#######.........#.#
##.....##
..#####.#.#.####
#.....[.#
#.#.......
#.......#
#.........
#.......#
###.......
##.....## #..######
##...## #.## ##.##
##### #.# #. #@Z.#
#.# #o ###...###
#.# #.......####.#
#............#
#.......######
###...### ......#
###...# #####


You could see a centaur skeleton.

Vanquished Creatures
  2 adders
  A worm (D:2)
  A giant gecko (D:2)
  2 orcs
  5 bats
  A giant cockroach (D:4)
  7 goblins
  6 hobgoblins
  7 jackals
  8 kobolds
  4 giant newts
  7 rats
51 creatures vanquished.

Notes
Turn   | Place    | Note
--------------------------------------------------------------
     0 | D:1      | nuthulu the Deep Elf Fire Elementalist began the quest for the Orb.
     0 | D:1      | Reached XP level 1. HP: 10/10 MP: 6/6
   183 | D:1      | Reached XP level 2. HP: 12/15 MP: 0/8
   629 | D:1      | Learned a level 2 spell: Throw Flame
  1280 | D:2      | Reached XP level 3. HP: 17/19 MP: 3/10
  1282 | D:2      | Reached skill level 4 in Spellcasting
  1380 | D:2      | Learned a level 3 spell: Conjure Flame
  2071 | D:4      | Reached XP level 4. HP: 20/24 MP: 9/12
  2133 | D:4      | Slain by a centaur skeleton

Vault maps used:
D:1:      saegor_arrival_simple_e
D:3:      cheibriados_altar_1
D:4:      kennysheep_mini_moat

Action                   |  1- 3 |  4- 6 || total
-------------------------+-------+-------++-------
 Cast: Flame Tongue      |    77 |     4 ||    81
       Throw Flame       |     3 |       ||     3
       Conjure Flame     |     1 |     1 ||     2
  Use: Scroll            |     3 |       ||     3
       Potion            |       |     1 ||     1
  Eat: Chunk             |     3 |       ||     3
       Pizza             |       |     1 ||     1
